 Dungeon Crawl Stone Soup version 0.21.0-25-ge575cb9 (webtiles) character file.

188 Diojeanne the Chopper (level 6, -7/48 HPs)
             Began as a Formicid Berserker on Jan 25, 2018.
             Was a Believer of Trog.
             Mangled by an orc
             ... wielding a +0 trident
              (8 damage)
             ... on level 4 of the Dungeon.
             The game lasted 00:14:02 (3236 turns).

Diojeanne the Chopper (Formicid Berserker)          Turns: 3236, Time: 00:14:02

Health: -7/48      AC:  2    Str: 24    XL:     6   Next: 0%
Magic:  6/6        EV: 12    Int:  6    God:    Trog [**....]
Gold:   99         SH:  0    Dex: 10    Spells: 5/5 levels left

rFire    . . .     SeeInvis +   a - +0 hand axe
rCold    . . .     Gourm    .   (no shield)
rNeg     . . .     Faith    .   p - -1 leather armour (curse)
rPois    .         Spirit   .   (helmet unavailable)
rElec    .         Reflect  .   (no cloak)
rCorr    .         Harm     .   (no gloves)
MR       .....                  (no boots)
Stlth    ++........             (no amulet)
HPRegen  0.16/turn              (no ring)
MPRegen  0.10/turn              (no ring)

@: no status effects
A: permanent stasis, dig shafts and tunnels, four strong arms, antennae 3
a: Dig, Shaft Self, Trog's Hand, Burn Spellbooks, Renounce Religion


You were on level 4 of the Dungeon.
You worshipped Trog.
Trog was pleased with you.
You were not hungry.

You visited 1 branch of the dungeon, and saw 4 of its levels.

You collected 99 gold pieces.

Inventory:

Hand Weapons
 a - a +0 hand axe (weapon)
 b - a +0 hunting sling
Missiles
 d - 106 stones (quivered)
Armour
 j - a +0 animal skin
 p - a cursed -1 leather armour (worn)
 q - a +0 ring mail
Jewellery
 e - an uncursed ring of resist corrosion {unknown}
Wands
 o - a wand of polymorph (8)
Scrolls
 g - a scroll of enchant weapon {unknown}
 h - 4 scrolls of identify {unknown}
 i - a scroll of teleportation {unknown}
 k - a scroll of amnesia {unknown}
 m - a scroll of fog {unknown}
Potions
 f - a potion of heal wounds {unknown}
 l - a potion of berserk rage {unknown}
Comestibles
 c - 10 rations
 n - a chunk of flesh


   Skills:
 + Level 4.0 Fighting
 * Level 4.1 Axes
 + Level 0.5 Slings
 * Level 3.8 Armour
 + Level 2.4 Dodging
 + Level 2.0 Stealth


You had 5 spell levels left.
You didn't know any spells.

Dungeon Overview and Level Annotations

Branches:
Dungeon (4/15)
 Temple: D:4-7

Altars:


Innate Abilities, Weirdness & Mutations

You cannot be hasted, slowed, berserked, paralysed or teleported.
You can dig through walls and to a lower floor.
Your four strong arms can wield two-handed weapons with a shield.
You have a pair of large antennae on your head. (SInv)


Message History

You hit the orc but do no damage. The orc misses you.
The orc wizard hits you with a dagger.
* * * LOW HITPOINT WARNING * * *
The orc barely misses you.
You completely miss the orc wizard.
The orc wizard is moderately wounded.
You barely miss the orc. You closely miss the orc priest.
The orc priest hits you with a mace!
* * * LOW HITPOINT WARNING * * *
The orc hits you but does no damage. The orc wizard barely misses you.
The orc barely misses you.
You hit the orc wizard.
The orc wizard is heavily wounded.
You barely miss the orc.
You hit the orc priest but do no damage.
The orc priest misses you. The orc barely misses you.
The orc wizard hits you with a dagger.
* * * LOW HITPOINT WARNING * * *
The orc hits you from afar with a trident!
You die...

####### ......#
......# ######
......# ......#
......# ......$
......#
#......#o.$...#
#....oo@...#
..#...#o##.#
#.. ... ..>
..... ###
#######


You could see an orc priest, an orc wizard and 2 orcs.

Vanquished Creatures
  A howler monkey (D:3)
  Ijyb (D:3)
  Robin (D:2)
  4 adders
  2 oozes
  2 worms
  3 dart slugs
  2 leopard geckos
  An orc (D:4)
  3 bats (D:3)
  10 goblins
  9 hobgoblins
  4 kobolds
  4 quokkas
  2 frilled lizards (D:2)
  6 rats
55 creatures vanquished.

Notes
Turn   | Place    | Note
-------+----------+-------------------------------------------
     0 | D:1      | Diojeanne the Formicid Berserker began the quest for the Orb.
     0 | D:1      | Reached XP level 1. HP: 18/18 MP: 1/1
   416 | D:1      | Reached XP level 2. HP: 24/24 MP: 2/2
   970 | D:2      | Reached XP level 3. HP: 21/29 MP: 3/3
  1859 | D:2      | Reached XP level 4. HP: 20/35 MP: 4/4
  2074 | D:2      | Noticed Robin
  2395 | D:2      | Reached skill level 1 in Stealth
  2447 | D:2      | Killed Robin
  2772 | D:3      | Reached XP level 5. HP: 34/42 MP: 5/5
  2776 | D:3      | Reached ** piety under Trog
  3029 | D:3      | Noticed Ijyb
  3050 | D:3      | Killed Ijyb
  3233 | D:4      | Reached XP level 6. HP: 14/48 MP: 6/6
  3236 | D:4      | HP: 1/48 [orc wizard/dagger (2)]
  3236 | D:4      | Mangled by an orc

Skill      XL: |  1  2  3  4  5 |
---------------+----------------+-----
Dodging        | 2 |  2.4
Armour         | 3 |  3.8
Stealth        | 1 2 |  2.0
Axes           | 4 |  4.1
Fighting       | 4 |  4.0
Slings         | |  0.5

Action                   |  1- 3 |  4- 6 || total
-------------------------+-------+-------++-------
Melee: Hand axe          |    73 |    83 ||   156
       Unarmed           |       |    13 ||    13
 Fire: Hunting sling     |       |    40 ||    40
Throw: Stone             |    11 |    18 ||    29
 Stab: Sleeping          |     1 |     3 ||     4
  Eat: Chunk             |     2 |     5 ||     7
Armor: Animal skin       |    13 |    19 ||    32
       Leather armour    |       |     2 ||     2
       Skin              |       |     1 ||     1
Dodge: Dodged            |    34 |   106 ||   140
